 Dungeon Crawl Stone Soup version 0.28-a0-828-g0121872642 (webtiles) character file.

Game seed: 7127815175269149110

92 croobank the Digger (level 4, -4/35 HPs)
             Began as a Draconian Earth Elementalist on Nov 11, 2021.
             Slain by Crazy Yiuf (8 damage)
             ... on level 2 of the Dungeon.
             The game lasted 00:13:02 (2555 turns).

croobank the Digger (Draconian Earth Elementalist)  Turns: 2555, Time: 00:13:08

Health: -4/35      AC:  5    Str: 11    XL:     4   Next: 35%
Magic:  4/7        EV:  7    Int: 15    God:
Gold:   23         SH: 10    Dex: 12    Spells: 4/8 levels left

rFire   . . .      SeeInvis .   h - +0 war axe
rCold   . . .      Faith    .   i - +0 tower shield
rNeg    . . .      Spirit   .   (armour unavailable)
rPois   .          Reflect  .   (helmet restricted)
rElec   .          Harm     .   (no cloak)
rCorr   .          Rampage  .   (no gloves)
Will    .....                   (no boots)
Stlth   ++........              (no amulet)
HPRegen 0.11/turn               (no ring)
MPRegen 0.10/turn               (no ring)

@: lethally poisoned (-4 -> -6)
A: AC +5, unfitting armour, cold-blooded
a: no special abilities


You were on level 2 of the Dungeon.
You visited 1 branch of the dungeon, and saw 3 of its levels.

You collected 83 gold pieces.
You spent 60 gold pieces at shops.

Inventory:

Hand Weapons
 c - a +0 dagger
 e - a +1 hand axe
 h - a +0 war axe (weapon)
Missiles
 b - 31 stones
Armour
 a - a +0 buckler
 i - a +0 tower shield (worn)
Scrolls
 j - a scroll of noise {unknown}
Potions
 d - a potion of cancellation {unknown}
 f - a potion of might {unknown}


   Skills:
 * Level 1.5 Fighting
 + Level 0.8 Axes
 + Level 2.1 Dodging
 + Level 2.2 Stealth
 * Level 0.3 Shields
 * Level 2.5 Spellcasting
 + Level 1.1 Transmutations
 + Level 3.7 Earth Magic


You had 4 spell levels left.
You knew the following spells:

 Your Spells              Type           Power      Damage    Failure   Level
a - Sandblast             Erth           26%        2d8       73%         1
b - Stone Arrow           Conj/Erth      14%        3d7       100%        3

Your spell library contained the following spells:

 Spells                   Type           Power      Damage    Failure   Level
 Passwall                 Tmut/Erth      7%         N/A       96%         2
 Petrify                  Tmut/Erth      9%         N/A       100%        4


Dungeon Overview and Level Annotations

Branches:
Dungeon (3/15)

Altars:
Cheibriados

Shops:
D:2 !

Annotations:
D:2 Crazy Yiuf


Innate Abilities, Weirdness & Mutations

Your plain brown scales are hard. (AC +5)
You cannot fit into any form of body armour.
You are cold-blooded and may be slowed by cold attacks.


Message History

You see here a +0 dagger.
Press: ? - help, v - describe, . - travel A stone wall.
Unknown command.
Casting: Sandblast (safe; 73% risk of failure)
Confirm with . or Enter, or press ? or * to list all spells.
Okay, then.
Okay, then.
You open the door.
There is an open translucent door here.
Crazy Yiuf shouts!
You hit Crazy Yiuf.
Crazy Yiuf is moderately wounded.
Crazy Yiuf hits you with a +3 quarterstaff of chaos!
You are poisoned.
Crazy Yiuf hits you with a +3 quarterstaff of chaos!
You feel your power leaking away.
You feel much better.
You feel very sick.
Crazy Yiuf waves his quarterstaff at you.
You block Crazy Yiuf's attack.
You barely miss Crazy Yiuf.
Crazy Yiuf is moderately wounded.
You feel very sick.
Crazy Yiuf grits, "Snoogle!"
Crazy Yiuf completely misses you.
Crazy Yiuf says, "Peeping broken green!"
You block Crazy Yiuf's attack.
You hit Crazy Yiuf. You tail-slap Crazy Yiuf.
Crazy Yiuf is heavily wounded.
You feel sick. You block Crazy Yiuf's attack.
Crazy Yiuf hits you with a +3 quarterstaff of chaos!
You hit Crazy Yiuf but do no damage.
Crazy Yiuf is heavily wounded.
You feel sick.
Crazy Yiuf hits you with a +3 quarterstaff of chaos!
* * * LOW HITPOINT WARNING * * *
You resist with significant effort.
Crazy Yiuf hits you with a +3 quarterstaff of chaos!
You die...

#.# #.####
#.# #....#
#.# #.##.#
###
####.########
#......##...
#####
#......##...
#..)#
#......##...
#.g.#
#...........
#.@.#
#...........
##'##
#.......#...
♣♣.♣
#...........
♣.♣♣
##..#######.
♣♣.♣
#..........
♣.♣♣
##.#########
♣♣.♣♣ #..#
♣...♣♣ #.##
♣....♣ #.#


You could see Crazy Yiuf.

Vanquished Creatures
  4 adders (D:2)
  A worm (D:2)
  3 dart slugs (D:2)
  4 ball pythons
  7 endoplasms
  3 hobgoblins
  4 quokkas
  4 bats
  5 frilled lizards
  6 goblins
  2 kobolds
  4 rats (D:1)
47 creatures vanquished.

Notes
Turn   | Place    | Note
-------+----------+-------------------------------------------
     0 | D:1      | croobank the Draconian Earth Elementalist began the quest
                  | for the Orb.
     0 | D:1      | Reached XP level 1. HP: 14/14 MP: 3/3
    49 | D:1      | Found a faded altar of an unknown god.
   237 | D:1      | Reached XP level 2. HP: 4/20 MP: 0/5
  1076 | D:2      | Found Napsoh's Distillery.
  1130 | D:2      | Reached XP level 3. HP: 21/27 MP: 2/6
  1240 | D:2      | Found a snail-covered altar of Cheibriados.
  1271 | D:2      | Reached skill level 1 in Fighting
  1297 | D:2      | Bought a potion of heal wounds for 60 gold pieces
  1475 | D:2      | Found a runed translucent door.
  1476 | D:2      | Noticed Crazy Yiuf
  1483 | D:2      | Learned a level 3 spell: Stone Arrow
  1616 | D:2      | Reached XP level 4. HP: 32/35 MP: 5/7
  2555 | D:2      | Slain by Crazy Yiuf

Illustrated notes

Levels and vault maps discovered:
D:1:      minmay_arrival_solitary_statue, layout_rooms,
          hellmonk_ecumenical_altar_arch_garden
D:2:      layout_loops_ring, basic_altar, serial_shops, shop,
          uniq_crazy_yiuf_cottage
D:3:      layout_basic, elyvilon_altar_5, minmay_divided_ellipse

Skill      XL: |  1  2  3 |
---------------+----------+-----
Dodging        | 2 |  2.1
Stealth        | 2 |  2.2
Fighting       | 1 |  1.5
Axes           | |  0.8
Shields        | |  0.3
Spellcasting   | |  2.5
Transmutations | |  1.1
Earth Magic    | |  3.7

Action                   |  1- 3 |  4- 6 || total
-------------------------+-------+-------++-------
Melee: Unarmed           |    18 |       ||    18
       Tailslap          |     4 |     4 ||     8
       Hand axe          |    30 |       ||    30
       Dagger            |     2 |       ||     2
       War axe           |    11 |    51 ||    62
 Cast: Sandblast         |    27 |     4 ||    31
  Use: Scroll            |     2 |       ||     2
       Potion            |       |     1 ||     1
 Stab: Sleeping          |     3 |       ||     3
Armor: Skin              |    24 |    32 ||    56
Dodge: Dodged            |    32 |    14 ||    46
Block: Buckler           |     1 |       ||     1
       Tower shield      |     1 |    44 ||    45

Table legend: (Time is in decaauts)
 A = Elapsed time spent in this place.
 B = Non-inter-level travel time spent in this place.
 C = Inter-level travel time spent in this place.
 D = Time resting spent in this place.
 E = Time spent auto-exploring this place.
 F = Levels seen in this place.
 G = Mean time per level.
                   A        B        C        D        E       F      G
               +--------+--------+--------+--------+--------+-----+--------+
         Total |   2619 |   2596 |     23 |    946 |   1010 |   3 |  873.0 |
       Dungeon |   2619 |   2596 |     23 |    946 |   1010 |   3 |  873.0 |
               +--------+--------+--------+--------+--------+-----+--------+

Top non-repeatable levels by time:
     D:2: 1450 daAuts
     D:1: 1062 daAuts
     D:3: 106 daAuts
